Penguins vs Checkers
(R1)
Created - October 24, 2024 at 20:35
Goals
|
Penguins |
0 |
1 |
2 |
3 |
Checkers |
0 |
2 |
5 |
7 |
|
Shots
|
Penguins |
9 |
12 |
8 |
29 |
Checkers |
10 |
11 |
13 |
34 |
|
1st period
No Goal
Penalties :
John Draeger (Cha) for Interference (Minor) at 9:23, Jeff Malott (Wil) for Slashing (Minor) at 13:24, Grigori Denisenko (Cha) for Roughing (Minor) at 17:46
2nd period
1. Checkers , Andrei Svechnikov 2 (John Draeger 1) at 0:06
2. Penguins , Eetu Luostarinen 3 (Denis Malgin 3, Anthony Stolarz) at 12:09 (SH)
3. Checkers , Andrei Svechnikov 3 (Dylan Gambrell 2, Timothy Liljegren 1) at 13:48
Penalties :
Matthew Boldy (Wil) for High sticking (Minor) at 0:21, Alexander Romanov (Wil) for High sticking (Minor) at 11:16, Jesper Boqvist (Wil) for Cross-checking (Minor) at 14:56, Alexander Romanov (Wil) for High sticking (Minor) at 17:26
3rd period
4. Penguins , Dakota Mermis 3 (Jesperi Kotkaniemi 3, Eetu Luostarinen 1) at 0:46
5. Checkers , Viktor Baldayev 1 (Kale Clague 1, Joseph Woll) at 7:12
6. Checkers , Patrick Brown 2 (Dylan Gambrell 3, Andrei Svechnikov 1) at 7:28
7. Checkers , Andrei Svechnikov 4 (Patrick Brown 2, Grigori Denisenko 2) at 11:46
8. Checkers , Austin Poganski 1 (Viktor Baldayev 1, Nick Abruzzese 1) at 13:25
9. Checkers , Austin Poganski 2 (Jordan Harris 1, Nick Abruzzese 2) at 14:34
10. Penguins , Eetu Luostarinen 4 (Matthew Finn 2) at 16:29
Penalties :
Marc Del Gaizo (Wil) for Tripping (Minor) at 1:08, Dylan Gambrell (Cha) for Slashing (Minor) at 1:23, John Draeger (Cha) for Tripping (Minor) at 7:41, Valtteri Puustinen (Wil) for Cross-checking (Minor) at 19:20
Goalie Stats
Anthony Stolarz (Wil), 27 saves from 34 shots - (0.794), L, 1-1-0, 60:00 minutes
Joseph Woll (Cha), 26 saves from 29 shots - (0.897), W, 2-0-0, 60:00 minutes
Players Stats for Penguins
Player Name G A P +/- PIM S H SB GA TA FO MP PP MP PK MP
------------------------------------------------------------------------------------
Alexander Romanov 0 0 0 0 4 2 1 1 1 0 0/0 21:41 3:27 0:00
Artemi Kniazev 0 0 0 1 0 0 2 0 0 0 0/0 8:25 0:00 0:00
Clayton Keller 0 0 0 -3 0 3 1 0 1 0 0/0 17:16 3:08 0:00
Dakota Mermis 1 0 1 1 0 2 0 2 0 1 0/0 28:17 3:27 7:23
Denis Malgin 0 1 1 -2 0 0 1 0 2 0 5/14 16:28 0:11 6:39
Dmitry Voronkov 0 0 0 -1 0 0 1 0 0 0 3/4 7:26 0:00 0:00
Eetu Luostarinen 2 1 3 0 0 4 1 2 1 2 1/2 17:46 0:11 7:00
Jeff Malott 0 0 0 -1 2 1 1 0 0 1 0/0 12:02 2:53 0:40
Jesper Boqvist 0 0 0 1 2 2 0 0 0 0 0/1 12:46 2:53 0:00
Jesperi Kotkaniemi 0 1 1 2 0 4 2 0 3 0 5/12 17:31 2:53 3:40
Josh Ho-Sang 0 0 0 -1 0 0 0 0 0 0 0/0 8:47 0:04 0:00
Marc Del Gaizo 0 0 0 -6 2 0 1 3 0 0 0/0 22:09 2:45 3:26
Matthew Boldy 0 0 0 -3 2 5 3 0 0 0 0/1 18:10 3:08 0:11
Matthew Finn 0 1 1 1 0 0 0 1 0 0 0/0 17:21 0:07 7:23
Noah Dobson 0 0 0 -6 0 0 0 0 0 0 0/0 23:18 2:45 3:26
Philipp Kurashev 0 0 0 -3 0 2 2 1 0 0 13/26 18:49 3:08 0:30
Sampo Ranta 0 0 0 0 0 2 1 2 0 0 0/0 11:43 0:00 2:58
Valtteri Puustinen 0 0 0 -1 2 2 0 0 0 0 0/0 7:25 0:00 0:00
Players Stats for Checkers
Player Name G A P +/- PIM S H SB GA TA FO MP PP MP PK MP
------------------------------------------------------------------------------------
Andrei Svechnikov 3 1 4 3 0 5 1 3 2 0 0/1 21:20 6:41 0:00
Austin Poganski 2 0 2 2 0 6 0 0 1 0 0/0 12:59 0:03 1:32
Dylan Gambrell 0 2 2 3 2 3 3 1 0 1 22/31 22:55 6:40 2:29
Grigori Denisenko 0 1 1 2 2 2 2 0 0 0 0/0 15:22 4:00 0:00
John Draeger 0 1 1 3 4 0 2 3 0 1 0/0 25:37 7:44 1:10
Jordan Harris 0 1 1 2 0 0 0 0 0 0 0/0 10:35 0:00 0:32
Kale Clague 0 1 1 -1 0 0 1 2 0 1 0/0 20:58 3:05 1:43
Kirill Marchenko 0 0 0 -1 0 1 0 0 0 1 0/0 11:21 4:00 0:00
Matt Puempel 0 0 0 -1 0 4 1 0 0 1 0/0 9:14 0:08 1:01
Michael Anderson 0 0 0 1 0 2 0 1 0 0 0/0 15:56 3:05 1:34
Mitchell Heard 0 0 0 -1 0 0 0 0 0 0 4/10 11:46 0:08 3:19
Nick Abruzzese 0 2 2 2 0 2 1 0 0 0 5/11 16:38 4:00 0:14
Patrick Brown 1 1 2 3 0 3 1 2 0 1 2/2 24:15 6:46 3:35
Roberts Lipsbergs 0 0 0 0 0 0 0 1 0 0 0/0 8:42 0:00 0:04
Shane Bowers 0 0 0 0 0 0 2 1 0 0 0/5 8:46 0:00 0:10
Timothy Liljegren 0 1 1 3 0 5 1 4 1 1 0/0 28:22 7:44 3:57
Tyce Thompson 0 0 0 0 0 0 0 1 0 0 0/0 8:36 0:00 0:00
Viktor Baldayev 1 1 2 0 0 1 0 0 0 1 0/0 18:38 0:00 3:28
3 Stars
1 - Andrei Svechnikov (Cha)
2 - Austin Poganski (Cha)
3 - Patrick Brown (Cha)
Power Play
Penguins - 0 on 4 Attempt(s) - 0.00%
Checkers - 0 on 7 Attempt(s) - 0.00%
Penalty Kill
Penguins - 7 on 7 Attempt(s) - 100.00%
- Score 1 goal in Penalty Kill
Checkers - 4 on 4 Attempt(s) - 100.00%
- Score 0 goal in Penalty Kill
Team Stat
Penguins - Hits : 17 - Faceoff Wins : 27 - Blocked Shots : 12 - Penalty Minutes : 14
Checkers - Hits : 15 - Faceoff Wins : 33 - Blocked Shots : 19 - Penalty Minutes : 8
Official
Referees : Steve Kozari and Gord Dwyer
Linesman : Steve Barton and Derek Nansen
Game Notes
Andrei Svechnikov has scored a Hat Trick!
Finance
Level 1 -- Attendance: 1839 (91.95%) -- Ticket Income $128,730
Level 2 -- Attendance: 928 (92.80%) -- Ticket Income $37,120
Total Attendance: 2767 (92.23%)
Total Ticket Income: $165,850
Other Income: $8,292
Total Income: $174,142
Penguins
5 vs 5 Forward
Center Left Wing Right Wing Time % Phy DF OF
1 Philipp Kurashev Matthew Boldy Clayton Keller 40 1 2 2
2 Jesperi Kotkaniemi Eetu Luostarinen Jesper Boqvist 30 1 2 2
3 Denis Malgin Sampo Ranta Josh Ho-Sang 20 1 2 2
4 Dmitry Voronkov Jeff Malott Valtteri Puustinen 10 1 2 2
5 vs 5 Defense
Defense Defense Time % Phy DF OF
1 Alexander Romanov Dakota Mermis 40 1 2 2
2 Noah Dobson Marc Del Gaizo 40 1 2 2
3 Matthew Finn Artemi Kniazev 20 1 2 2
4 Alexander Romanov Noah Dobson 0 1 2 2
PowerPlay Forward
Center Left Wing Right Wing Time % Phy DF OF
1 Philipp Kurashev Matthew Boldy Clayton Keller 60 1 1 3
2 Jesperi Kotkaniemi Jeff Malott Jesper Boqvist 40 1 1 3
PowerPlay Defense
Defense Defense Time % Phy DF OF
1 Alexander Romanov Dakota Mermis 60 1 1 3
2 Noah Dobson Marc Del Gaizo 40 1 1 3
Penalty Kill 4 Players Forward
Center Wing Time % Phy DF OF
1 Denis Malgin Eetu Luostarinen 60 1 3 1
2 Jesperi Kotkaniemi Sampo Ranta 40 1 3 1
Penalty Kill 4 Players Defense
Defense Defense Time % Phy DF OF
1 Matthew Finn Dakota Mermis 60 1 3 1
2 Noah Dobson Marc Del Gaizo 40 1 3 1
Penalty Kill - 3 Players Forward
Forward Time % Phy DF OF
1 Eetu Luostarinen 60 1 3 1
2 Denis Malgin 40 1 3 1
Penalty Kill - 3 Players Defense
Defense Defense Time % Phy DF OF
1 Matthew Finn Dakota Mermis 60 1 3 1
2 Noah Dobson Marc Del Gaizo 40 1 3 1
4 vs 4 Forward
Center Wing Time % Phy DF OF
1 Philipp Kurashev Matthew Boldy 60 1 1 3
2 Jesperi Kotkaniemi Clayton Keller 40 1 1 3
4 vs 4 Defense
Defense Defense Time % Phy DF OF
1 Alexander Romanov Dakota Mermis 60 1 2 2
2 Noah Dobson Marc Del Gaizo 40 1 2 2
Last Minutes Offensive
Center Left Wing Right Wing Defense Defense
Philipp Kurashev Matthew Boldy Clayton Keller Alexander Romanov Dakota Mermis
Last Minutes Defensive
Center Left Wing Right Wing Defense Defense
Denis Malgin Eetu Luostarinen Jesper Boqvist Matthew Finn Dakota Mermis
Goaltenders
Starting : Anthony Stolarz
Backup : Spencer Knight
Extra Forwards
Normal : Matthew Boldy, Jesperi Kotkaniemi, Denis Malgin - PP : Matthew Boldy, Jesper Boqvist - PK : Eetu Luostarinen
Extra Defensemen
Normal : Noah Dobson, Marc Del Gaizo, Alexander Romanov - PP : Alexander Romanov - PK : Matthew Finn, Dakota Mermis
Penalty Shots
Jeff Malott, Jesper Boqvist, Philipp Kurashev, Matthew Boldy, Clayton Keller
Custom OT Lines Forwards
Philipp Kurashev, Clayton Keller, Matthew Boldy, Eetu Luostarinen, Jesper Boqvist, Jesperi Kotkaniemi, Denis Malgin, Jeff Malott, Sampo Ranta, Josh Ho-Sang
Custom OT Lines Defensemen
Alexander Romanov, Dakota Mermis, Noah Dobson, Marc Del Gaizo, Matthew Finn
Scratches
Juuso Ikonen (Healthy), Kevin Stenlund (Healthy), Austin Strand (Healthy), Ryan MacInnis (Healthy), Sam Kurker (Healthy)
Adam Brooks (Healthy), Shawn Boudrias (Healthy), Ryan Johnson (Healthy), Nolan Foote (Healthy), Zachary Bouthillier (Healthy)
Checkers
5 vs 5 Forward
Center Left Wing Right Wing Time % Phy DF OF
1 Dylan Gambrell Andrei Svechnikov Patrick Brown 40 0 2 3
2 Nick Abruzzese Grigori Denisenko Austin Poganski 30 0 2 3
3 Mitchell Heard Matt Puempel Kirill Marchenko 20 0 2 3
4 Shane Bowers Roberts Lipsbergs Tyce Thompson 10 0 2 3
5 vs 5 Defense
Defense Defense Time % Phy DF OF
1 Timothy Liljegren John Draeger 40 0 2 3
2 Kale Clague Viktor Baldayev 30 0 2 3
3 Michael Anderson Jordan Harris 20 0 2 3
4 Timothy Liljegren John Draeger 10 0 2 3
PowerPlay Forward
Center Left Wing Right Wing Time % Phy DF OF
1 Dylan Gambrell Andrei Svechnikov Patrick Brown 60 0 1 4
2 Nick Abruzzese Grigori Denisenko Kirill Marchenko 40 0 1 4
PowerPlay Defense
Defense Defense Time % Phy DF OF
1 Timothy Liljegren John Draeger 60 0 2 3
2 Kale Clague Michael Anderson 40 0 2 3
Penalty Kill 4 Players Forward
Center Wing Time % Phy DF OF
1 Mitchell Heard Patrick Brown 60 0 3 2
2 Dylan Gambrell Austin Poganski 40 0 3 2
Penalty Kill 4 Players Defense
Defense Defense Time % Phy DF OF
1 Timothy Liljegren John Draeger 60 0 4 1
2 Kale Clague Viktor Baldayev 40 0 4 1
Penalty Kill - 3 Players Forward
Forward Time % Phy DF OF
1 Patrick Brown 60 0 3 2
2 Mitchell Heard 40 0 3 2
Penalty Kill - 3 Players Defense
Defense Defense Time % Phy DF OF
1 Timothy Liljegren John Draeger 60 0 4 1
2 Kale Clague Viktor Baldayev 40 0 4 1
4 vs 4 Forward
Center Wing Time % Phy DF OF
1 Dylan Gambrell Andrei Svechnikov 60 0 2 3
2 Nick Abruzzese Patrick Brown 40 0 2 3
4 vs 4 Defense
Defense Defense Time % Phy DF OF
1 Timothy Liljegren John Draeger 60 0 2 3
2 Kale Clague Viktor Baldayev 40 0 2 3
Last Minutes Offensive
Center Left Wing Right Wing Defense Defense
Dylan Gambrell Andrei Svechnikov Patrick Brown Timothy Liljegren Kale Clague
Last Minutes Defensive
Center Left Wing Right Wing Defense Defense
Mitchell Heard Matt Puempel Patrick Brown John Draeger Viktor Baldayev
Goaltenders
Starting : Joseph Woll
Backup : Ivan Prosvetov
Extra Forwards
Normal : Nick Abruzzese, Andrei Svechnikov, Dylan Gambrell - PP : Kirill Marchenko, Andrei Svechnikov - PK : Patrick Brown
Extra Defensemen
Normal : Kale Clague, Timothy Liljegren, John Draeger - PP : Michael Anderson - PK : Viktor Baldayev, John Draeger
Penalty Shots
Andrei Svechnikov, Patrick Brown, Matt Puempel, Nick Abruzzese, Shane Bowers
Custom OT Lines Forwards
Dylan Gambrell, Andrei Svechnikov, Patrick Brown, Grigori Denisenko, Kirill Marchenko, Nick Abruzzese, Mitchell Heard, Matt Puempel, Roberts Lipsbergs, Shane Bowers
Custom OT Lines Defensemen
Timothy Liljegren, Kale Clague, John Draeger, Viktor Baldayev, Michael Anderson
Scratches
Brett Pollock (Healthy), Jared McIsaac (Healthy), Mikhail Abramov (Healthy), Mattias Norlinder (Healthy), Nathan Legare (Healthy)
Kirill Ustimenko (Healthy)
% Time on Ice - Penguins
Lines # - Real PCT - Wanted PCT - Time Play
Normal Forward
1 - 38% - 40% - 15:29
2 - 24% - 30% - 9:51
3 - 21% - 20% - 8:29
4 - 18% - 10% - 7:26
Normal Defense
1 - 41% - 40% - 16:47
2 - 39% - 40% - 15:59
3 - 19% - 20% - 7:55
4 - 1% - 0% - 0:34
PP Forward
1 - 53% - 60% - 3:19
2 - 47% - 40% - 2:53
PP Defense
1 - 56% - 60% - 3:27
2 - 44% - 40% - 2:45
PK Forward
1 - 76% - 60% - 8:14
2 - 24% - 40% - 2:35
PK Defense
1 - 68% - 60% - 7:23
2 - 32% - 40% - 3:26
PK3 Forward
1 - 0% - 60%
2 - 0% - 40%
PK3 Defense
1 - 0% - 60%
2 - 0% - 40%
44 Forward
1 - 82% - 60% - 1:25
2 - 18% - 40% - 0:19
44 Defense
1 - 67% - 60% - 1:10
2 - 33% - 40% - 0:34
Last Minute Offensive - 0:00
Last Minute Defensive - 0:00
Total
Forward - 60:00
Defense - 60:00
|
% Time on Ice - Checkers
Lines # - Real PCT - Wanted PCT - Time Play
Normal Forward
1 - 34% - 40% - 13:54
2 - 28% - 30% - 11:24
3 - 18% - 20% - 7:21
4 - 21% - 10% - 8:36
Normal Defense
1 - 38% - 40% - 15:41
2 - 37% - 30% - 15:09
3 - 24% - 20% - 10:03
4 - 1% - 10% - 0:22
PP Forward
1 - 63% - 60% - 6:49
2 - 37% - 40% - 4:00
PP Defense
1 - 71% - 60% - 7:44
2 - 29% - 40% - 3:05
PK Forward
1 - 75% - 60% - 4:40
2 - 25% - 40% - 1:32
PK Defense
1 - 72% - 60% - 4:29
2 - 28% - 40% - 1:43
PK3 Forward
1 - 0% - 60%
2 - 0% - 40%
PK3 Defense
1 - 0% - 60%
2 - 0% - 40%
44 Forward
1 - 100% - 60% - 1:44
2 - 0% - 40% - 0:00
44 Defense
1 - 61% - 60% - 1:03
2 - 39% - 40% - 0:41
Last Minute Offensive - 0:00
Last Minute Defensive - 0:00
Total
Forward - 60:00
Defense - 60:00
|
Play-by-Play
1st period
0:01 of 1st period - Dylan Gambrell wins face-off versus Philipp Kurashev in neutral zone.
0:10 of 1st period - Snap shot by Dylan Gambrell.
0:10 of 1st period - Stopped by Anthony Stolarz with a rebound.
0:57 of 1st period - Off-side.
0:58 of 1st period - Dmitry Voronkov wins face-off versus Shane Bowers in neutral zone.
1:03 of 1st period - Snap shot by Valtteri Puustinen.
1:03 of 1st period - Shot Misses the Net.
1:44 of 1st period - Snap shot by Nick Abruzzese.
1:44 of 1st period - Shot Misses the Net.
1:48 of 1st period - Slapshot by Austin Poganski.
1:48 of 1st period - Stopped by Anthony Stolarz without a rebound.
1:49 of 1st period - Nick Abruzzese wins face-off versus Jesperi Kotkaniemi in Penguins zone.
2:14 of 1st period - Viktor Baldayev is hit by Jesperi Kotkaniemi and loses puck.
2:33 of 1st period - Snap shot by Jesperi Kotkaniemi.
2:33 of 1st period - Stopped by Joseph Woll without a rebound.
2:34 of 1st period - Dylan Gambrell wins face-off versus Denis Malgin in Checkers zone.
3:01 of 1st period - Mitchell Heard is hit by Philipp Kurashev and loses puck.
4:17 of 1st period - Viktor Baldayev is hit by Clayton Keller and loses puck.
5:22 of 1st period - Icing by Dakota Mermis.
5:23 of 1st period - Dylan Gambrell wins face-off versus Dmitry Voronkov in Penguins zone.
5:24 of 1st period - Wrist shot by Patrick Brown.
5:24 of 1st period - Stopped by Anthony Stolarz without a rebound.
5:25 of 1st period - Dylan Gambrell wins face-off versus Philipp Kurashev in Penguins zone.
6:08 of 1st period - Icing by Mitchell Heard.
6:09 of 1st period - Mitchell Heard wins face-off versus Jesperi Kotkaniemi in Checkers zone.
6:22 of 1st period - Wrist shot by Jesper Boqvist.
6:22 of 1st period - Stopped by Joseph Woll with a rebound.
6:24 of 1st period - Snap shot by Alexander Romanov.
6:24 of 1st period - Shot Blocked by Michael Anderson.
6:58 of 1st period - Snap shot by Josh Ho-Sang.
6:58 of 1st period - Shot Blocked by Timothy Liljegren.
7:14 of 1st period - Wrist shot by Jeff Malott.
7:14 of 1st period - Stopped by Joseph Woll with a rebound.
7:16 of 1st period - Wrist shot by Dmitry Voronkov.
7:16 of 1st period - Shot Blocked by Timothy Liljegren.
7:18 of 1st period - Slapshot by Dakota Mermis.
7:18 of 1st period - Shot Blocked by Timothy Liljegren.
7:24 of 1st period - Snap shot by Jeff Malott.
7:24 of 1st period - Shot Blocked by Roberts Lipsbergs.
7:38 of 1st period - Jesperi Kotkaniemi is hit by Patrick Brown and loses puck.
7:55 of 1st period - Kale Clague is hit by Matthew Boldy and loses puck.
8:22 of 1st period - Snap shot by Matt Puempel.
8:22 of 1st period - Stopped by Anthony Stolarz without a rebound.
8:23 of 1st period - Denis Malgin wins face-off versus Dylan Gambrell in Penguins zone.
9:10 of 1st period - Slapshot by Kirill Marchenko.
9:10 of 1st period - Stopped by Anthony Stolarz without a rebound.
9:11 of 1st period - Mitchell Heard wins face-off versus Jesperi Kotkaniemi in Penguins zone.
9:23 of 1st period - Minor Penalty to John Draeger for Interference.
9:24 of 1st period - Philipp Kurashev wins face-off versus Mitchell Heard in Checkers zone.
9:25 of 1st period - Snap shot by Clayton Keller.
9:25 of 1st period - Shot Misses the Net.
9:37 of 1st period - Snap shot by Philipp Kurashev.
9:37 of 1st period - Stopped by Joseph Woll without a rebound.
9:38 of 1st period - Philipp Kurashev wins face-off versus Mitchell Heard in Checkers zone.
9:51 of 1st period - Wrist shot by Matthew Boldy.
9:51 of 1st period - Shot Misses the Net.
9:53 of 1st period - Snap shot by Alexander Romanov.
9:53 of 1st period - Stopped by Joseph Woll with a rebound.
11:23 of 1st period - Penalty to John Draeger is over, John Draeger is back on ice.
11:55 of 1st period - Kale Clague is hit by Dmitry Voronkov and loses puck.
12:22 of 1st period - Slapshot by Michael Anderson.
12:22 of 1st period - Stopped by Anthony Stolarz without a rebound.
12:23 of 1st period - Philipp Kurashev wins face-off versus Shane Bowers in Penguins zone.
12:28 of 1st period - Snap shot by Clayton Keller.
12:28 of 1st period - Shot Blocked by Shane Bowers.
12:47 of 1st period - Matthew Finn is hit by Dylan Gambrell and loses puck.
13:12 of 1st period - Wrist shot by Valtteri Puustinen.
13:12 of 1st period - Stopped by Joseph Woll with a rebound.
13:18 of 1st period - Snap shot by Nick Abruzzese.
13:18 of 1st period - Stopped by Anthony Stolarz with a rebound.
13:24 of 1st period - Minor Penalty to Jeff Malott for Slashing.
13:25 of 1st period - Patrick Brown wins face-off versus Denis Malgin in Penguins zone.
13:58 of 1st period - Backhand shot by Nick Abruzzese.
13:58 of 1st period - Shot Misses the Net.
14:14 of 1st period - Snap shot by Jesperi Kotkaniemi.
14:14 of 1st period - Shot Misses the Net.
15:16 of 1st period - Andrei Svechnikov is hit by Marc Del Gaizo and loses puck.
15:24 of 1st period - Penalty to Jeff Malott is over, Jeff Malott is back on ice.
15:31 of 1st period - Slapshot by Kale Clague.
15:31 of 1st period - Shot Misses the Net.
15:33 of 1st period - Slapshot by Viktor Baldayev.
15:33 of 1st period - Shot Blocked by Marc Del Gaizo.
15:35 of 1st period - Slapshot by Viktor Baldayev.
15:35 of 1st period - Shot Blocked by Sampo Ranta.
15:37 of 1st period - Slapshot by Kale Clague.
15:37 of 1st period - Shot Blocked by Philipp Kurashev.
15:39 of 1st period - Slapshot by Michael Anderson.
15:39 of 1st period - Stopped by Anthony Stolarz without a rebound.
15:40 of 1st period - Philipp Kurashev wins face-off versus Shane Bowers in Penguins zone.
16:09 of 1st period - Matt Puempel is hit by Artemi Kniazev and loses puck.
16:44 of 1st period - Slapshot by Andrei Svechnikov.
16:44 of 1st period - Shot Misses the Net.
16:56 of 1st period - Wrist shot by Sampo Ranta.
16:56 of 1st period - Stopped by Joseph Woll with a rebound.
16:58 of 1st period - Snap shot by Sampo Ranta.
16:58 of 1st period - Stopped by Joseph Woll with a rebound.
17:20 of 1st period - Snap shot by Matt Puempel.
17:20 of 1st period - Stopped by Anthony Stolarz with a rebound.
17:22 of 1st period - Snap shot by Matt Puempel.
17:22 of 1st period - Stopped by Anthony Stolarz with a rebound.
17:44 of 1st period - Snap shot by Jesperi Kotkaniemi.
17:44 of 1st period - Stopped by Joseph Woll with a rebound.
17:46 of 1st period - Minor Penalty to Grigori Denisenko for Roughing.
17:47 of 1st period - Philipp Kurashev wins face-off versus Mitchell Heard in Checkers zone.
17:58 of 1st period - Wrist shot by Matthew Boldy.
17:58 of 1st period - Shot Blocked by John Draeger.
18:00 of 1st period - Slapshot by Marc Del Gaizo.
18:00 of 1st period - Shot Misses the Net.
19:20 of 1st period - Jesper Boqvist is hit by Matt Puempel.
19:46 of 1st period - Penalty to Grigori Denisenko is over, Grigori Denisenko is back on ice.
Goals for this period are 0 for Penguins vs 0 for Checkers.
Shots for this period are 9 for Penguins vs 10 for Checkers.
2nd period
0:01 of 2nd period - Philipp Kurashev wins face-off versus Dylan Gambrell in neutral zone.
0:06 of 2nd period - Snap shot by Andrei Svechnikov.
0:06 of 2nd period - Goal by Andrei Svechnikov - Penguins : 0 - Checkers : 1.
0:07 of 2nd period - Dylan Gambrell wins face-off versus Philipp Kurashev in neutral zone.
0:21 of 2nd period - Minor Penalty to Matthew Boldy for High sticking.
0:22 of 2nd period - Dylan Gambrell wins face-off versus Denis Malgin in Penguins zone.
0:29 of 2nd period - Icing by Andrei Svechnikov.
0:30 of 2nd period - Eetu Luostarinen wins face-off versus Dylan Gambrell in Checkers zone.
0:35 of 2nd period - Wrist shot by Eetu Luostarinen.
0:35 of 2nd period - Stopped by Joseph Woll without a rebound.
0:36 of 2nd period - Dylan Gambrell wins face-off versus Denis Malgin in Checkers zone.
1:01 of 2nd period - Denis Malgin is hit by Grigori Denisenko and loses puck.
1:08 of 2nd period - Slapshot by Timothy Liljegren.
1:08 of 2nd period - Stopped by Anthony Stolarz with a rebound.
1:10 of 2nd period - Backhand shot by Timothy Liljegren.
1:10 of 2nd period - Stopped by Anthony Stolarz with a rebound.
1:44 of 2nd period - Sampo Ranta is hit by John Draeger and loses puck.
2:13 of 2nd period - Andrei Svechnikov is hit by Philipp Kurashev and loses puck.
2:21 of 2nd period - Penalty to Matthew Boldy is over, Matthew Boldy is back on ice.
3:00 of 2nd period - Marc Del Gaizo is hit by Shane Bowers and loses puck.
3:13 of 2nd period - Slapshot by Clayton Keller.
3:13 of 2nd period - Stopped by Joseph Woll with a rebound.
4:10 of 2nd period - Philipp Kurashev is hit by John Draeger and loses puck.
4:23 of 2nd period - Andrei Svechnikov is hit by Artemi Kniazev and loses puck.
5:13 of 2nd period - Dakota Mermis is hit by Nick Abruzzese.
6:36 of 2nd period - Andrei Svechnikov is hit by Eetu Luostarinen and loses puck.
7:17 of 2nd period - Matthew Boldy is hit by Grigori Denisenko and loses puck.
7:32 of 2nd period - Icing by Philipp Kurashev.
7:33 of 2nd period - Mitchell Heard wins face-off versus Philipp Kurashev in Penguins zone.
7:42 of 2nd period - Viktor Baldayev is hit by Matthew Boldy and loses puck.
7:47 of 2nd period - Wrist shot by Matthew Boldy.
7:47 of 2nd period - Deflect By Philipp Kurashev.
7:47 of 2nd period - Stopped by Joseph Woll with a rebound.
7:55 of 2nd period - Snap shot by Clayton Keller.
7:55 of 2nd period - Stopped by Joseph Woll with a rebound.
7:57 of 2nd period - Snap shot by Clayton Keller.
7:57 of 2nd period - Deflect By Matthew Boldy.
7:57 of 2nd period - Stopped by Joseph Woll with a rebound.
7:59 of 2nd period - Snap shot by Philipp Kurashev.
7:59 of 2nd period - Shot Blocked by Andrei Svechnikov.
8:01 of 2nd period - Slapshot by Clayton Keller.
8:01 of 2nd period - Shot Misses the Net.
8:03 of 2nd period - Wrist shot by Philipp Kurashev.
8:03 of 2nd period - Shot Blocked by Andrei Svechnikov.
8:05 of 2nd period - Backhand shot by Matthew Boldy.
8:05 of 2nd period - Shot Misses the Net.
8:07 of 2nd period - Slapshot by Philipp Kurashev.
8:07 of 2nd period - Shot Misses the Net.
8:09 of 2nd period - Wrist shot by Matthew Boldy.
8:09 of 2nd period - Stopped by Joseph Woll with a rebound.
8:11 of 2nd period - Snap shot by Matthew Boldy.
8:11 of 2nd period - Shot Blocked by Kale Clague.
8:13 of 2nd period - Snap shot by Philipp Kurashev.
8:13 of 2nd period - Shot Misses the Net.
8:15 of 2nd period - Slapshot by Philipp Kurashev.
8:15 of 2nd period - Shot Misses the Net.
8:25 of 2nd period - Snap shot by Matthew Boldy.
8:25 of 2nd period - Stopped by Joseph Woll with a rebound.
8:27 of 2nd period - Snap shot by Alexander Romanov.
8:27 of 2nd period - Shot Blocked by Andrei Svechnikov.
8:29 of 2nd period - Backhand shot by Philipp Kurashev.
8:29 of 2nd period - Shot Blocked by Patrick Brown.
8:31 of 2nd period - Snap shot by Dakota Mermis.
8:31 of 2nd period - Deflect By Clayton Keller.
8:31 of 2nd period - Stopped by Joseph Woll with a rebound.
8:37 of 2nd period - Snap shot by Matthew Boldy.
8:37 of 2nd period - Stopped by Joseph Woll with a rebound.
8:39 of 2nd period - Snap shot by Artemi Kniazev.
8:39 of 2nd period - Deflect By Matthew Boldy.
8:39 of 2nd period - Shot Blocked by Patrick Brown.
8:39 of 2nd period - Puck is out of play.
8:40 of 2nd period - Jesperi Kotkaniemi wins face-off versus Nick Abruzzese in Checkers zone.
8:49 of 2nd period - Slapshot by Timothy Liljegren.
8:49 of 2nd period - Stopped by Anthony Stolarz without a rebound.
8:50 of 2nd period - Jesperi Kotkaniemi wins face-off versus Nick Abruzzese in Penguins zone.
9:11 of 2nd period - Wrist shot by Eetu Luostarinen.
9:11 of 2nd period - Stopped by Joseph Woll with a rebound.
9:38 of 2nd period - Wrist shot by Grigori Denisenko.
9:38 of 2nd period - Shot Misses the Net.
9:40 of 2nd period - Slapshot by Grigori Denisenko.
9:40 of 2nd period - Shot Blocked by Eetu Luostarinen.
9:56 of 2nd period - Wrist shot by Nick Abruzzese.
9:56 of 2nd period - Stopped by Anthony Stolarz with a rebound.
9:58 of 2nd period - Slapshot by Timothy Liljegren.
9:58 of 2nd period - Stopped by Anthony Stolarz without a rebound.
9:59 of 2nd period - Denis Malgin wins face-off versus Dylan Gambrell in Penguins zone.
9:59 of 2nd period - Denis Malgin is hit by Dylan Gambrell.
10:45 of 2nd period - Slapshot by Jeff Malott.
10:45 of 2nd period - Shot Misses the Net.
11:16 of 2nd period - Minor Penalty to Alexander Romanov for High sticking.
11:17 of 2nd period - Dylan Gambrell wins face-off versus Eetu Luostarinen in Penguins zone.
11:17 of 2nd period - Wrist shot by Andrei Svechnikov.
11:17 of 2nd period - Shot Misses the Net.
11:19 of 2nd period - Snap shot by Andrei Svechnikov.
11:19 of 2nd period - Shot Blocked by Dakota Mermis.
11:21 of 2nd period - Wrist shot by Dylan Gambrell.
11:21 of 2nd period - Stopped by Anthony Stolarz without a rebound.
11:22 of 2nd period - Denis Malgin wins face-off versus Dylan Gambrell in Penguins zone.
12:09 of 2nd period - Snap shot by Eetu Luostarinen.
12:09 of 2nd period - Goal by Eetu Luostarinen - Penguins : 1 - Checkers : 1.
12:10 of 2nd period - Dylan Gambrell wins face-off versus Denis Malgin in neutral zone.
12:22 of 2nd period - Slapshot by Dylan Gambrell.
12:22 of 2nd period - Deflect By Patrick Brown.
12:22 of 2nd period - Shot Misses the Net.
12:22 of 2nd period - Puck is out of play.
12:23 of 2nd period - Denis Malgin wins face-off versus Dylan Gambrell in Penguins zone.
12:30 of 2nd period - Wrist shot by Patrick Brown.
12:30 of 2nd period - Shot Misses the Net.
12:32 of 2nd period - Snap shot by Andrei Svechnikov.
12:32 of 2nd period - Stopped by Anthony Stolarz without a rebound.
12:33 of 2nd period - Denis Malgin wins face-off versus Dylan Gambrell in Penguins zone.
12:48 of 2nd period - Snap shot by Dylan Gambrell.
12:48 of 2nd period - Stopped by Anthony Stolarz with a rebound.
13:14 of 2nd period - Snap shot by Patrick Brown.
13:14 of 2nd period - Shot Blocked by Dakota Mermis.
13:16 of 2nd period - Penalty to Alexander Romanov is over, Alexander Romanov is back on ice.
13:16 of 2nd period - Snap shot by Andrei Svechnikov.
13:16 of 2nd period - Shot Misses the Net.
13:26 of 2nd period - Snap shot by Dylan Gambrell.
13:26 of 2nd period - Shot Misses the Net.
13:48 of 2nd period - Wrist shot by Andrei Svechnikov.
13:48 of 2nd period - Goal by Andrei Svechnikov - Penguins : 1 - Checkers : 2.
13:49 of 2nd period - Nick Abruzzese wins face-off versus Matthew Boldy in neutral zone.
14:11 of 2nd period - Icing by Viktor Baldayev.
14:12 of 2nd period - Dmitry Voronkov wins face-off versus Mitchell Heard in Checkers zone.
14:15 of 2nd period - Snap shot by Valtteri Puustinen.
14:15 of 2nd period - Stopped by Joseph Woll with a rebound.
14:43 of 2nd period - Slapshot by Grigori Denisenko.
14:43 of 2nd period - Shot Misses the Net.
14:45 of 2nd period - Snap shot by Nick Abruzzese.
14:45 of 2nd period - Shot Misses the Net.
14:47 of 2nd period - Slapshot by Kale Clague.
14:47 of 2nd period - Deflect By Austin Poganski.
14:47 of 2nd period - Stopped by Anthony Stolarz without a rebound.
14:48 of 2nd period - Dylan Gambrell wins face-off versus Jesperi Kotkaniemi in Penguins zone.
14:56 of 2nd period - Minor Penalty to Jesper Boqvist for Cross-checking.
14:57 of 2nd period - Dylan Gambrell wins face-off versus Denis Malgin in Penguins zone.
16:38 of 2nd period - Matthew Finn is hit by Andrei Svechnikov and loses puck.
16:56 of 2nd period - Penalty to Jesper Boqvist is over, Jesper Boqvist is back on ice.
17:07 of 2nd period - Off-side.
17:08 of 2nd period - Philipp Kurashev wins face-off versus Shane Bowers in neutral zone.
17:26 of 2nd period - Minor Penalty to Alexander Romanov for High sticking.
17:27 of 2nd period - Dylan Gambrell wins face-off versus Denis Malgin in Penguins zone.
18:08 of 2nd period - Slapshot by Nick Abruzzese.
18:08 of 2nd period - Shot Blocked by Marc Del Gaizo.
19:26 of 2nd period - Penalty to Alexander Romanov is over, Alexander Romanov is back on ice.
19:34 of 2nd period - Dakota Mermis is hit by Shane Bowers.
19:56 of 2nd period - Snap shot by Dakota Mermis.
19:56 of 2nd period - Shot Blocked by Tyce Thompson.
Goals for this period are 1 for Penguins vs 2 for Checkers.
Shots for this period are 12 for Penguins vs 11 for Checkers.
3rd period
0:01 of 3rd period - Dylan Gambrell wins face-off versus Philipp Kurashev in neutral zone.
0:30 of 3rd period - Wrist shot by Matt Puempel.
0:30 of 3rd period - Stopped by Anthony Stolarz without a rebound.
0:31 of 3rd period - Jesperi Kotkaniemi wins face-off versus Mitchell Heard in Penguins zone.
0:40 of 3rd period - Slapshot by Eetu Luostarinen.
0:40 of 3rd period - Shot Misses the Net.
0:42 of 3rd period - Snap shot by Jesperi Kotkaniemi.
0:42 of 3rd period - Stopped by Joseph Woll with a rebound.
0:44 of 3rd period - Slapshot by Dakota Mermis.
0:44 of 3rd period - Stopped by Joseph Woll with a rebound.
0:46 of 3rd period - Slapshot by Dakota Mermis.
0:46 of 3rd period - Deflect By Mitchell Heard.
0:46 of 3rd period - Goal by Dakota Mermis - Penguins : 2 - Checkers : 2.
0:47 of 3rd period - Philipp Kurashev wins face-off versus Dylan Gambrell in neutral zone.
1:08 of 3rd period - Minor Penalty to Marc Del Gaizo for Tripping.
1:09 of 3rd period - Dylan Gambrell wins face-off versus Denis Malgin in Penguins zone.
1:23 of 3rd period - Minor Penalty to Dylan Gambrell for Slashing.
1:24 of 3rd period - Philipp Kurashev wins face-off versus Nick Abruzzese in Checkers zone.
1:29 of 3rd period - Off-side.
1:30 of 3rd period - Philipp Kurashev wins face-off versus Nick Abruzzese in neutral zone.
2:48 of 3rd period - Nick Abruzzese is hit by Denis Malgin.
3:08 of 3rd period - Penalty to Marc Del Gaizo is over, Marc Del Gaizo is back on ice.
3:18 of 3rd period - Patrick Brown is hit by Jeff Malott.
3:23 of 3rd period - Penalty to Dylan Gambrell is over, Dylan Gambrell is back on ice.
3:59 of 3rd period - Wrist shot by Grigori Denisenko.
3:59 of 3rd period - Stopped by Anthony Stolarz without a rebound.
4:00 of 3rd period - Nick Abruzzese wins face-off versus Jesper Boqvist in Penguins zone.
4:05 of 3rd period - Snap shot by Grigori Denisenko.
4:05 of 3rd period - Deflect By Austin Poganski.
4:05 of 3rd period - Shot Blocked by Matthew Finn.
4:05 of 3rd period - Puck is out of play.
4:06 of 3rd period - Dylan Gambrell wins face-off versus Philipp Kurashev in Penguins zone.
4:14 of 3rd period - Off-side.
4:15 of 3rd period - Philipp Kurashev wins face-off versus Dylan Gambrell in neutral zone.
4:40 of 3rd period - Clayton Keller is hit by Dylan Gambrell.
4:54 of 3rd period - Snap shot by Matthew Boldy.
4:54 of 3rd period - Shot Misses the Net.
5:17 of 3rd period - Off-side.
5:18 of 3rd period - Jesperi Kotkaniemi wins face-off versus Nick Abruzzese in neutral zone.
5:36 of 3rd period - Noah Dobson is hit by Timothy Liljegren and loses puck.
5:53 of 3rd period - Wrist shot by Matt Puempel.
5:53 of 3rd period - Shot Misses the Net.
7:00 of 3rd period - Roberts Lipsbergs is hit by Alexander Romanov.
7:12 of 3rd period - Slapshot by Viktor Baldayev.
7:12 of 3rd period - Goal by Viktor Baldayev - Penguins : 2 - Checkers : 3.
7:13 of 3rd period - Dylan Gambrell wins face-off versus Philipp Kurashev in neutral zone.
7:16 of 3rd period - Slapshot by Timothy Liljegren.
7:16 of 3rd period - Deflect By Patrick Brown.
7:16 of 3rd period - Stopped by Anthony Stolarz with a rebound.
7:22 of 3rd period - Snap shot by Patrick Brown.
7:22 of 3rd period - Shot Misses the Net.
7:28 of 3rd period - Snap shot by Patrick Brown.
7:28 of 3rd period - Goal by Patrick Brown - Penguins : 2 - Checkers : 4.
7:29 of 3rd period - Dylan Gambrell wins face-off versus Jesperi Kotkaniemi in neutral zone.
7:41 of 3rd period - Minor Penalty to John Draeger for Tripping.
7:42 of 3rd period - Philipp Kurashev wins face-off versus Mitchell Heard in Checkers zone.
8:09 of 3rd period - Mitchell Heard is hit by Jesperi Kotkaniemi and loses puck.
8:50 of 3rd period - Icing by Clayton Keller.
8:51 of 3rd period - Mitchell Heard wins face-off versus Philipp Kurashev in Penguins zone.
9:39 of 3rd period - Icing by Jesperi Kotkaniemi.
9:40 of 3rd period - Dylan Gambrell wins face-off versus Jesperi Kotkaniemi in Penguins zone.
9:41 of 3rd period - Penalty to John Draeger is over, John Draeger is back on ice.
10:26 of 3rd period - Snap shot by Matthew Boldy.
10:26 of 3rd period - Stopped by Joseph Woll without a rebound.
10:27 of 3rd period - Jesperi Kotkaniemi wins face-off versus Andrei Svechnikov in Checkers zone.
10:30 of 3rd period - Wrist shot by Jesper Boqvist.
10:30 of 3rd period - Shot Misses the Net.
10:38 of 3rd period - Slapshot by Patrick Brown.
10:38 of 3rd period - Shot Blocked by Alexander Romanov.
10:40 of 3rd period - Slapshot by Kale Clague.
10:40 of 3rd period - Shot Blocked by Eetu Luostarinen.
11:15 of 3rd period - Nick Abruzzese is hit by Sampo Ranta and loses puck.
11:44 of 3rd period - Snap shot by Andrei Svechnikov.
11:44 of 3rd period - Shot Misses the Net.
11:46 of 3rd period - Wrist shot by Patrick Brown.
11:46 of 3rd period - Deflect By Andrei Svechnikov.
11:46 of 3rd period - Goal by Andrei Svechnikov - Penguins : 2 - Checkers : 5.
11:47 of 3rd period - Dylan Gambrell wins face-off versus Philipp Kurashev in neutral zone.
12:48 of 3rd period - Snap shot by Valtteri Puustinen.
12:48 of 3rd period - Shot Blocked by John Draeger.
12:58 of 3rd period - Snap shot by Andrei Svechnikov.
12:58 of 3rd period - Stopped by Anthony Stolarz with a rebound.
13:00 of 3rd period - Wrist shot by Patrick Brown.
13:00 of 3rd period - Shot Misses the Net.
13:04 of 3rd period - Snap shot by Andrei Svechnikov.
13:04 of 3rd period - Shot Misses the Net.
13:11 of 3rd period - Icing by Jeff Malott.
13:12 of 3rd period - Dmitry Voronkov wins face-off versus Nick Abruzzese in Penguins zone.
13:17 of 3rd period - Snap shot by Alexander Romanov.
13:17 of 3rd period - Stopped by Joseph Woll without a rebound.
13:18 of 3rd period - Nick Abruzzese wins face-off versus Philipp Kurashev in Checkers zone.
13:23 of 3rd period - Wrist shot by Viktor Baldayev.
13:23 of 3rd period - Shot Blocked by Marc Del Gaizo.
13:25 of 3rd period - Snap shot by Austin Poganski.
13:25 of 3rd period - Goal by Austin Poganski - Penguins : 2 - Checkers : 6.
13:26 of 3rd period - Nick Abruzzese wins face-off versus Philipp Kurashev in neutral zone.
14:00 of 3rd period - Slapshot by Austin Poganski.
14:00 of 3rd period - Stopped by Anthony Stolarz with a rebound.
14:02 of 3rd period - Slapshot by Austin Poganski.
14:02 of 3rd period - Deflect By Grigori Denisenko.
14:02 of 3rd period - Stopped by Anthony Stolarz with a rebound.
14:04 of 3rd period - Slapshot by Timothy Liljegren.
14:04 of 3rd period - Shot Misses the Net.
14:06 of 3rd period - Snap shot by Grigori Denisenko.
14:06 of 3rd period - Shot Blocked by Sampo Ranta.
14:08 of 3rd period - Snap shot by Austin Poganski.
14:08 of 3rd period - Stopped by Anthony Stolarz with a rebound.
14:10 of 3rd period - Snap shot by Grigori Denisenko.
14:10 of 3rd period - Shot Misses the Net.
14:12 of 3rd period - Slapshot by Timothy Liljegren.
14:12 of 3rd period - Stopped by Anthony Stolarz with a rebound.
14:32 of 3rd period - Slapshot by Austin Poganski.
14:32 of 3rd period - Shot Misses the Net.
14:34 of 3rd period - Backhand shot by Jordan Harris.
14:34 of 3rd period - Deflect By Austin Poganski.
14:34 of 3rd period - Goal by Austin Poganski - Penguins : 2 - Checkers : 7.
14:35 of 3rd period - Dylan Gambrell wins face-off versus Jesperi Kotkaniemi in neutral zone.
14:43 of 3rd period - Slapshot by Eetu Luostarinen.
14:43 of 3rd period - Shot Blocked by Timothy Liljegren.
14:45 of 3rd period - Snap shot by Jesperi Kotkaniemi.
14:45 of 3rd period - Shot Blocked by Dylan Gambrell.
14:47 of 3rd period - Wrist shot by Jesper Boqvist.
14:47 of 3rd period - Stopped by Joseph Woll with a rebound.
14:49 of 3rd period - Wrist shot by Jesperi Kotkaniemi.
14:49 of 3rd period - Stopped by Joseph Woll with a rebound.
15:20 of 3rd period - Icing by Clayton Keller.
15:21 of 3rd period - Philipp Kurashev wins face-off versus Shane Bowers in Penguins zone.
15:21 of 3rd period - Philipp Kurashev is hit by Kale Clague.
16:19 of 3rd period - Snap shot by Matthew Boldy.
16:19 of 3rd period - Shot Blocked by Kale Clague.
16:29 of 3rd period - Slapshot by Eetu Luostarinen.
16:29 of 3rd period - Goal by Eetu Luostarinen - Penguins : 3 - Checkers : 7.
16:30 of 3rd period - Dylan Gambrell wins face-off versus Philipp Kurashev in neutral zone.
16:41 of 3rd period - Snap shot by Philipp Kurashev.
16:41 of 3rd period - Deflect By Matthew Boldy.
16:41 of 3rd period - Shot Blocked by John Draeger.
16:41 of 3rd period - Puck is out of play.
16:42 of 3rd period - Patrick Brown wins face-off versus Philipp Kurashev in Checkers zone.
16:42 of 3rd period - Patrick Brown is hit by Matthew Boldy.
19:20 of 3rd period - Minor Penalty to Valtteri Puustinen for Cross-checking.
19:21 of 3rd period - Dylan Gambrell wins face-off versus Denis Malgin in Penguins zone.
Goals for this period are 2 for Penguins vs 5 for Checkers.
Shots for this period are 8 for Penguins vs 13 for Checkers.